 Dungeon Crawl Stone Soup version 0.31-a0-236-g9a0961fb85 (webtiles) character file.

Game seed: 18191686743832931448

20423 bmack86 the Severer (level 12, 0/115 HPs)
             Began as a Minotaur Fighter on July 10, 2023.
             Was an Initiate of Gozag.
             Killed from afar by Jorgrun (61 damage)
             ... with an entropic shot
             ... on level 12 of the Dungeon.
             The game lasted 00:29:13 (10269 turns).

bmack86 the Severer (Minotaur Fighter)             Turns: 10269, Time: 00:29:16

Health: 0/115      AC: 32    Str: 26    XL:     12   Next: 45%
Magic:  11/11      EV: 10    Int:  5    God:    Gozag
Gold:   1408       SH:  4    Dex: 10    Spells: 11/11 levels left

rFire   . . .        a - +1 war axe
rCold   . . .        c - +0 buckler
rNeg    . . .        o - +1 crystal plate armour
rPois   +            (helmet restricted)
rElec   .            B - +2 cloak
rCorr   .            h - +0 pair of gloves
SInv    .            i - +2 pair of boots {Fly}
Will    .....        D - amulet of regeneration Stlth
                     f - ring of poison resistance
HPRegen 1.19/turn    M - +5 ring of evasion
MPRegen 0.12/turn

%: no passive effects
@: flying, studying Staves
A: horns 2, retaliatory headbutt
a: Renounce Religion, Potion Petition, Call Merchant, Bribe Branch


You were on level 12 of the Dungeon.
You worshipped Gozag.
Gozag was most pleased with you.
You visited 2 branches of the dungeon, and saw 13 of its levels.

You collected 2565 gold pieces.
You spent 214 gold pieces at shops.
You paid 943 gold pieces to Gozag.

Inventory:

Hand Weapons
 a - a +1 war axe (weapon)
 u - a +3 heavy broad axe
Missiles
 e - 14 boomerangs (quivered)
 s - a throwing net
 v - 5 curare-tipped darts
 x - 2 silver boomerangs
 K - 6 javelins
Armour
 c - a +0 buckler (worn)
 h - a +0 pair of gloves (worn)
 i - a +2 pair of boots of flying (worn)
 o - a +1 crystal plate armour (worn)
 A - a +3 plate armour of fire resistance
 B - a +2 cloak (worn)
Jewellery
 f - a ring of poison resistance (left hand)
 t - a ring of fire
 D - an amulet of regeneration (around neck)
 L - the amulet of Lacaugaj {Acrobat Str+2}
   (You found it on level 10 of the Dungeon)

   [amulet of the acrobat]

   It increases your evasion while moving and waiting.
   Str:       It affects your strength (+2).
 M - a +5 ring of evasion (right hand)
Wands
 b - a wand of charming (5)
 d - a wand of flame (18)
 q - a wand of polymorph (5)
Scrolls
 k - 7 scrolls of teleportation
 m - a scroll of summoning
 n - a scroll of noise
 r - 5 scrolls of immolation
 w - a scroll of brand weapon {unknown}
 y - a scroll of amnesia
 C - a scroll of torment
 I - a scroll of poison
Potions
 g - a potion of ambrosia
 j - 2 potions of enlightenment
 l - 4 potions of lignification
 p - 2 potions of curing
 z - a potion of resistance
 F - 2 potions of heal wounds
 G - a potion of mutation
 H - a potion of brilliance
 J - a potion of cancellation {unknown}


   Skills:
 + Level 13.6 Fighting
 * Level 16.2 Axes
 - Level 2.0 Throwing
 + Level 13.6 Armour
 - Level 3.6 Shields


You had 11 spell levels left.
You didn't know any spells.
Your spell library contained the following spells:

 Spells                   Type           Power      Damage    Failure   Level
 Apportation              Tloc           0%         N/A       100%        1
 Beastly Appendage        Tmut           0%         N/A       100%        1
 Foxfire                  Conj/Fire      0%         2x1d4     100%        1
 Freeze                   Ice            0%         1d3       100%        1
 Necrotise                Necr           0%         1d4       100%        1
 Summon Small Mammal      Summ           0%         N/A       100%        1
 Wereblood                Tmut           0%         N/A       100%        2
 Spider Form              Tmut/Pois      0%         N/A       100%        3
 Fireball                 Conj/Fire      0%         3d3       100%        5
 Plasma Beam              Fire/Air       0%         2x1d10    100%        6
 Starburst                Conj/Fire      0%         6d3       100%        6


Dungeon Overview and Level Annotations

Branches:
Dungeon (12/15)            Temple (1/1) D:4            Lair (0/5) D:8
    Orc (0/2) D:9

Altars:
Ashenzari
Cheibriados
Dithmenos
Elyvilon
Fedhas
Gozag
Hepliaklqana
Kikubaaqudgha
Makhleb
Nemelex Xobeh
Okawaru
Qazlal
Ru
Sif Muna
Trog
Uskayaw
Vehumet
Wu Jian
Xom
Yredelemnul
Zin
The Shining One

Shops:
D:9 ?

Annotations:
D:6 1 runed translucent door, benadryl's ghost, novice DsFE
D:12 Jorgrun


Innate Abilities, Weirdness & Mutations

You have a pair of horns on your head.
You reflexively headbutt those who attack you in melee.


Message History

The centaur hits you but does no damage.
The centaur kicks you but does no damage.
You slash the centaur!
The centaur is almost dead.
You block the centaur's attack. The centaur barely misses you.
You hit the centaur.
You kill the centaur!
You now have 1389 gold pieces (gained 14).
You see here a +0 orcbow.
You now have 1408 gold pieces (gained 19).
Found a scroll of vulnerability.
Jorgrun Earthshaker comes into view.
He is wielding a staff of earth and wearing a +2 robe of fire resistance.
You see here a scroll labelled LUSCHU EFUTWYIWN.
w - a scroll labelled LUSCHU EFUTWYIWN Jorgrun casts a spell at you.
Roots burst forth from the earth!
The grasping roots grab you! The grasping roots constrict you!
You throw a boomerang. The boomerang closely misses Jorgrun.
The grasping roots constrict you.
Jorgrun points next to you and mumbles some strange words.
The wall shatters!
The blast of rock fragments hits you!! The grasping roots constrict you.
The roots grasp on you weakens, but your attempt to escape fails.
The grasping roots constrict you.
The roots grasp on you weakens, but your attempt to escape fails.
The grasping roots constrict you.
You escape the roots grasp.
You closely miss Jorgrun. You headbutt Jorgrun, but do no damage.
You slash Jorgrun! Your headbutt misses Jorgrun.
Jorgrun is lightly wounded.
Jorgrun hits you with a staff of earth! Jorgrun hits you with a staff of earth.
Jorgrun shatters you!
You closely miss Jorgrun.
Jorgrun is lightly wounded.
Jorgrun gestures at you while chanting. The entropic shot hits you!!!
Ouch! That really hurt!
You die...
Your body crumbles into a pile of gold.

. +........... #..
##.......... #..
#...##..... #..####
##...##..... #......
+.....#..... #....#
##....#.....
..##....##+###....#.....
..................#..?..
......g@..........#.....
###################


You could see Jorgrun.

Vanquished Creatures
  Josephine (D:11)
  5 two-headed ogres
  A centaur warrior (D:9)
  A boulder beetle (D:11)
  Urug (D:10)
  3 skeletal warriors
  Pikel (D:5)
  2 deep elf pyromancers
  A manticore (D:12)
  Joseph (D:8)
  A gargoyle (D:11)
  A kobold demonologist (D:9)
  4 trolls
  Grinder (D:3)
  Sigmund (D:3)
  2 slime creatures (D:11)
  A vampire (D:9)
  4 wraiths (D:11)
  19 yaks
  A wyvern (D:10)
  2 steam dragons (D:9)
  5 vampire mosquitoes
  2 acid dragons
  A water moccasin (D:8)
  An ice beast (D:7)
  8 orc warriors
  A black bear (D:6)
  An ogre (D:6)
  5 boggarts (D:12)
  7 centaurs
  2 phantoms
  A kobold brigand (D:10)
  Blork the orc (D:6)
  4 bullfrogs
  A gnoll sergeant (D:11)
  2 scorpions (D:6)
  6 wights
  8 killer bees
  2 howler monkeys (D:9)
  A gnoll bouda (D:9)
  Crazy Yiuf (D:7)
  12 orc priests
  3 hounds
  A jelly (D:7)
  Terence (D:3)
  2 iguanas (D:6)
  A sleepcap (D:5)
  11 orc wizards
  13 gnolls
  7 adders
  2 white imps
  2 ufetubi
  5 worms
  4 dart slugs
  70 orcs
  4 ball pythons
  6 endoplasms
  2 giant cockroaches (D:3)
  12 goblins
  6 hobgoblins
  11 jackals
  15 kobolds
  4 quokkas
  7 bats
  8 frilled lizards
  2 rats
325 creatures vanquished.

Notes
Turn   | Place    | Note
-------+----------+-------------------------------------------
     0 | D:1      | bmack86 the Minotaur Fighter began the quest for the Orb.
     0 | D:1      | Reached XP level 1. HP: 19/19 MP: 0/0
    77 | D:1      | Found a faded altar of an unknown god.
    80 | D:1      | Got Plato's Folio of the Chill
   120 | D:1      | Reached skill level 3 in Axes
   170 | D:1      | Reached XP level 2. HP: 26/26 MP: 1/1
   364 | D:1      | Reached skill level 4 in Axes
   546 | D:2      | Reached XP level 3. HP: 23/31 MP: 2/2
   808 | D:2      | You are sucked into a shaft and drop 1 floor!
   822 | D:3      | Reached skill level 5 in Axes
   888 | D:2      | Found a broken altar of Ashenzari.
   929 | D:2      | Reached XP level 4. HP: 39/39 MP: 3/3
  1479 | D:3      | Noticed Grinder
  1490 | D:3      | Paralysed by Grinder for 4 turns
  1497 | D:3      | Killed Grinder
  1498 | D:3      | Reached skill level 7 in Axes
  1498 | D:3      | Reached XP level 5. HP: 34/45 MP: 4/4
  1498 | D:3      | Reached XP level 6. HP: 38/51 MP: 5/5
  1507 | D:3      | Reached skill level 8 in Axes
  1766 | D:3      | Noticed Sigmund
  1779 | D:3      | Killed Sigmund
  1954 | D:3      | Reached XP level 7. HP: 57/57 MP: 6/6
  2074 | D:3      | Noticed Terence
  2085 | D:3      | Killed Terence
  2182 | D:4      | Reached skill level 9 in Axes
  2428 | D:4      | Found a staircase to the Ecumenical Temple.
  2476 | Temple   | Entered the Ecumenical Temple
  2692 | Temple   | Became a worshipper of Gozag Ym Sagoz the Greedy
  2752 | D:4      | Reached skill level 10 in Axes
  3026 | D:5      | Entered Level 5 of the Dungeon
  3340 | D:5      | Reached skill level 11 in Axes
  3340 | D:5      | Reached XP level 8. HP: 50/64 MP: 7/7
  3726 | D:5      | Noticed Pikel
  3736 | D:5      | Killed Pikel
  3737 | D:5      | Reached skill level 12 in Axes
  4200 | D:6      | Reached skill level 13 in Axes
  4220 | D:6      | Found a runed translucent door.
  4237 | D:6      | Noticed benadryl's ghost (novice DsFE)
  4458 | D:6      | Reached XP level 9. HP: 65/70 MP: 8/8
  4595 | D:6      | Noticed Blork the orc
  4600 | D:6      | Killed Blork the orc
  4603 | D:6      | Reached skill level 14 in Axes
  5142 | D:7      | Reached skill level 5 in Fighting
  5142 | D:7      | Reached skill level 5 in Armour
  5567 | D:7      | Found a runed translucent door.
  5568 | D:7      | Noticed Crazy Yiuf
  5573 | D:7      | Killed Crazy Yiuf
  5698 | D:8      | Noticed Joseph
  5925 | D:8      | Killed Joseph
  5947 | D:8      | Found a staircase to the Lair.
  6069 | D:8      | Reached XP level 10. HP: 78/88 MP: 9/9
  6244 | D:8      | Found a bloodstained altar of Trog.
  6624 | D:9      | Found Dikh's Magic Scroll Boutique.
  6627 | D:9      | Bought a scroll of identify for 26 gold pieces
  6627 | D:9      | Bought a scroll of noise for 13 gold pieces
  6627 | D:9      | Bought a scroll of identify for 26 gold pieces
  6627 | D:9      | Bought a scroll of torment for 123 gold pieces
  6627 | D:9      | Bought a scroll of identify for 26 gold pieces
  6678 | D:9      | Identified the +3 scimitar "Killer Bee's Death" {flame,
                  | Int+3 SInv}
  6807 | D:9      | Found a staircase to the Orcish Mines.
  7199 | D:9      | Reached skill level 10 in Fighting
  7199 | D:9      | Reached skill level 10 in Armour
  7201 | D:9      | Noticed a deep elf pyromancer
  7209 | D:9      | Killed a deep elf pyromancer
  7230 | D:9      | Noticed a centaur warrior
  7239 | D:9      | Killed a centaur warrior
  7451 | D:9      | Reached XP level 11. HP: 75/101 MP: 10/10
  7516 | D:9      | Noticed a two-headed ogre
  7528 | D:9      | Killed a two-headed ogre
  7825 | D:9      | Noticed a two-headed ogre
  7833 | D:9      | Found a sacrificial altar of Ru.
  7836 | D:9      | Killed a two-headed ogre
  7837 | D:9      | Found an ornate altar of the Wu Jian Council.
  8091 | D:10     | Entered Level 10 of the Dungeon
  8681 | D:10     | Noticed Urug
  8683 | D:10     | Found a glowing golden altar of the Shining One.
  8696 | D:10     | Killed Urug
  8855 | D:10     | Noticed a two-headed ogre
  8863 | D:10     | Killed a two-headed ogre
  8979 | D:10     | Identified the amulet of Lacaugaj {Acrobat Str+2}
  9118 | D:11     | Noticed a two-headed ogre
  9134 | D:11     | Killed a two-headed ogre
  9289 | D:11     | Found a radiant altar of Vehumet.
  9454 | D:11     | Noticed a two-headed ogre
  9478 | D:11     | Noticed a two-headed ogre
  9500 | D:11     | Killed a two-headed ogre
  9557 | D:11     | Noticed Josephine
  9557 | D:11     | Noticed a boulder beetle
  9568 | D:11     | Killed Josephine
  9569 | D:11     | Reached skill level 15 in Axes
  9578 | D:11     | Killed a boulder beetle
  9579 | D:11     | Reached XP level 12. HP: 111/115 MP: 11/11
  9887 | D:12     | Noticed a two-headed ogre
 10012 | D:12     | Found a bloodstained altar of Trog.
 10029 | D:12     | Reached skill level 16 in Axes
 10103 | D:12     | Identified the +4 flail of Moraossy {drain, Stlth+}
 10261 | D:12     | Noticed Jorgrun
 10269 | D:12     | Killed from afar by Jorgrun

Illustrated notes

Levels and vault maps discovered:
D:1:      eino_arrival_druids_welcome, layout_rooms,
          shapermc_ecumenical_altar_rom_forum
D:2:      layout_basic, basic_altar, minmay_bisected
D:3:      layout_rooms, hangedman_decor_lopped, uniq_grinder, uniq_terence,
          uniq_sigmund
D:4:      layout_rooms, minmay_temple_entry_stoned_glass
D:5:      layout_basic, kennysheep_big_empty_room,
          ebering_dispersal_statue_hall, uniq_pikel
D:6:      layout_loops_cross, ebering_ghost_reflecting_pool, uniq_blork_the_orc
D:7:      layout_cave_pools, serial_column_ruins, column_ruins_open_tiny,
          column_ruins_grid_4, column_ruins_open_small,
          column_ruins_columns_straight, column_ruins_grid_4,
          dreamdust_princess_bridge, uniq_crazy_yiuf_cottage
D:8:      layout_basic, mainiacjoe_overflow_surrounded_room, lair_entry_dummy,
          uniq_joseph
D:9:      cheibrodos_barr_body, layout_rooms, jmf_multi_god_temple, david_orc_5,
          serial_corexii_hall, corexii_hall_statues_u, corexii_hall_statues_i,
          corexii_hall_statues_s, corexii_hall_statues_u, serial_shops,
          nicolae_shop_rolled_up, dreamdust_gnoll_shepherd
D:10:     layout_loops_ring, mainiacjoe_overflow_alcove_2, uniq_urug
D:11:     layout_roguey, nicolae_vehumet_altar_sigil, uniq_josephine
D:12:     layout_gridville, minmay_misc_feat_room, trog_butcher_becter,
          uniq_jorgrun
Temple:   regret_index_temple_chain_breaker

Skill      XL: |  1  2  3  4  5  6  7  8  9 10 11 12 |
---------------+-------------------------------------+-----
Axes           | 3 4 5 7 8 11 13 14 15 16 | 16.2
Throwing       | 2 |  2.0
Fighting       | 7 10 13 | 13.6
Armour         | 7 10 13 | 13.6
Shields        | |  3.6

Action                     |  1- 3 |  4- 6 |  7- 9 | 10-12 || total
---------------------------+-------+-------+-------+-------++-------
  Melee: War axe           |    86 |    80 |   292 |   534 ||   992
         Headbutt          |     7 |    12 |    60 |   114 ||   193
  Throw: Boomerang         |     3 |    29 |       |     7 ||    39
 Invoke: Potion Petition   |       |       |       |     2 ||     2
    Use: Scroll            |       |     7 |     7 |     7 ||    21
         Potion            |       |       |     3 |     3 ||     6
   Stab: Distracted        |       |       |     1 |     3 ||     4
 Armour: Scale mail        |    47 |    22 |       |       ||    69
         Crystal plate arm |       |    13 |   276 |   411 ||   700
  Dodge: Dodged            |    52 |    29 |    57 |   141 ||   279
  Block: Buckler           |    28 |    17 |    66 |    94 ||   205

Table legend: (Time is in decaauts)
 A = Elapsed time spent in this place.
 B = Non-inter-level travel time spent in this place.
 C = Inter-level travel time spent in this place.
 D = Time resting spent in this place.
 E = Time spent auto-exploring this place.
 F = Levels seen in this place.
 G = Mean time per level.
                   A        B        C        D        E       F      G
               +--------+--------+--------+--------+--------+-----+--------+
         Total |  10168 |   9925 |    243 |    566 |   6287 |  13 |  782.2 |
       Dungeon |   9931 |   9707 |    224 |    566 |   6132 |  12 |  827.6 |
        Temple |    236 |    217 |     19 |      0 |    155 |   1 |  236.0 |
               +--------+--------+--------+--------+--------+-----+--------+

Top non-repeatable levels by time:
     D:9: 1287 daAuts
     D:5: 1097 daAuts
     D:2: 960 daAuts
     D:7: 955 daAuts
    D:10: 895 daAuts
     D:8: 855 daAuts
    D:11: 823 daAuts
     D:6: 783 daAuts
     D:3: 754 daAuts
     D:4: 619 daAuts
     D:1: 511 daAuts
    D:12: 387 daAuts
  Temple: 236 daAuts
